 Seeded DCSS version 0.30-a0-368-g86fb4627a9 (webtiles) character file.

Game seed: 4889245296921864433 (custom seed)

361 RascalDebosk the Magician (level 6, 0/40 HPs)
             Began as a Djinni Earth Elementalist on Nov 19, 2022.
             Slain by a scorpion (1 damage)
             ... on level 4 of the Dungeon.
             The game lasted 00:17:42 (2377 turns).

RascalDebosk the Magician (DjEE)                    Turns: 2377, Time: 00:17:42

Health: 0/40       AC:  4    Str:  7    XL:     6   Next: 98%
Gold:   122        EV: 12    Int: 18    God:
                   SH:  0    Dex: 14

rFire   + + .      SeeInvis .    s - +4 dagger
rCold   x . .      Faith    .    (no shield)
rNeg    . . .      Spirit   .    a - +0 robe
rPois   ∞          Reflect  .    m - +0 helmet
rElec   .          Harm     .    t - +0 cloak
rCorr   .          Rampage  .    (no gloves)
Will    .....                    (boots unavailable)
Stlth   ++........               (no amulet)
HPRegen 0.26/turn                (no ring)
MPRegen 0.00/turn                (no ring)

@: flying
A: sickness immunity, fire resistance 2, cold vulnerability 1, float, innate
caster, HP casting, extra vitality 1
a: no special abilities


You were on level 4 of the Dungeon.
You visited 1 branch of the dungeon, and saw 4 of its levels.

You collected 122 gold pieces.

Inventory:

Hand Weapons
 j - a +2 dagger of draining
 s - a +4 dagger (weapon)
Armour
 a - a +0 robe (worn)
 m - a +0 helmet (worn)
 t - a +0 cloak (worn)
Scrolls
 b - 2 scrolls of identify {unknown}
 d - a scroll of acquirement {unknown}
 f - 2 scrolls of immolation {unknown}
 g - a scroll of teleportation {unknown}
 h - a scroll of silence {unknown}
 k - 2 scrolls of blinking {unknown}
 p - a scroll of summoning {unknown}
 q - a scroll of brand weapon {unknown}
 r - a scroll of enchant weapon {unknown}
 u - 2 scrolls of noise {unknown}
Potions
 c - a potion of might {unknown}
 e - a potion of degeneration {unknown}
 i - a potion of berserk rage {unknown}
 l - a potion of heal wounds {unknown}
 n - 2 potions of curing {unknown}
 o - a potion of haste {unknown}
 v - a potion of brilliance {unknown}


   Skills:
 - Level 2.1 Dodging
 - Level 1.5 Stealth
 + Level 5.6 Spellcasting


You had 3 spell levels left.
You knew the following spells:

 Your Spells              Type           Power      Damage    Failure   Level
a - Sandblast             Erth           50%        2d12      1%          1
b - Passwall              Tmut/Erth      20%        N/A       1%          2
c - Stone Arrow           Conj/Erth      50%        3d10      3%          3
d - Petrify               Tmut/Erth      25%        N/A       12%         4
e - Slow                  Hex            100%       N/A       1%          1
f - Momentum Strike       Conj/Tloc      50%        3d9       1%          2
Your spell library was empty.

Dungeon Overview and Level Annotations

Branches:
Dungeon (3/15)

Altars:
Qazlal
Yredelemnul

Shops:
D:3 (

Portals:
Sewer: D:3


Innate Abilities, Weirdness & Mutations

You are immune to sickness and miasma.
You are immune to poison.
Your flesh is very heat resistant. (rF++)
You are vulnerable to cold. (rC-)
You float through the air rather than walking.
You learn spells naturally, not from books.
Your magical power is your life essence.
You have superior vitality. (+4 MHP)


Message History

Aim: Sigmund, wielding a +0 scythe and wearing a +0 robe (moderately wounded, petrifying slowly, 100% to hit)
The stone arrow hits Sigmund!
Sigmund is heavily wounded.
Casting: Stone Arrow (dangerous; 5% risk of failure)
Confirm with . or Enter, or press ? or * to list all spells.
Aiming: Stone Arrow (dangerous; 5% risk of failure)
Press: ? - help, Shift-Dir - straight line, f/p - Sigmund
Aim: Sigmund, wielding a +0 scythe and wearing a +0 robe (heavily wounded, petrifying slowly, 100% to hit)
The stone arrow hits Sigmund.
Sigmund is severely wounded.
* * * LOW HITPOINT WARNING * * *
Casting: Stone Arrow (dangerous; 5% risk of failure)
Confirm with . or Enter, or press ? or * to list all spells.
Aiming: Stone Arrow (dangerous; 5% risk of failure)
Press: ? - help, Shift-Dir - straight line, f/p - Sigmund
Aim: Sigmund, wielding a +0 scythe and wearing a +0 robe (severely wounded, petrifying slowly, 100% to hit)
The stone arrow hits Sigmund!
Sigmund is almost dead.
* * * LOW HITPOINT WARNING * * *
Casting: Stone Arrow (dangerous; 5% risk of failure)
Confirm with . or Enter, or press ? or * to list all spells.
Aiming: Stone Arrow (dangerous; 5% risk of failure)
Press: ? - help, Shift-Dir - straight line, f/p - Sigmund
Aim: Sigmund, wielding a +0 scythe and wearing a +0 robe (almost dead, petrifying slowly, 100% to hit)
You miscast Stone Arrow.
Nothing appears to happen.
* * * LOW HITPOINT WARNING * * *
Sigmund stops moving altogether!
Casting: Stone Arrow (dangerous; 5% risk of failure)
Confirm with . or Enter, or press ? or * to list all spells.
Aiming: Stone Arrow (dangerous; 5% risk of failure)
Press: ? - help, Shift-Dir - straight line, f/p - Sigmund
Aim: Sigmund, wielding a +0 scythe and wearing a +0 robe (almost dead, petrified, 100% to hit)
The stone arrow hits Sigmund!
You kill Sigmund!
* * * LOW HITPOINT WARNING * * *
Your Spellcasting skill increases to level 5!
There is an open door here.
n - 2 fuming silvery potions (gained 1)
Things that are here:
a +0 scythe; a +0 robe; the human corpse of Sigmund
There is an open door here.
You start resting.
Your magical contamination has completely faded away.
There is an open door here.
Things that are here:
a +0 scythe; a +0 robe; the human corpse of Sigmund You start resting.
You hear the slow hiss of a distant avalanche of sand.
You start resting.
You hear the slow hiss of a distant avalanche of sand.
Unknown command.
Unknown command.
Unknown command.
A gnoll bouda comes into view. It is wielding a +0 club.
The gnoll bouda shouts!
A scorpion comes into view.
A gnoll comes into view. It is wielding a +0 spear.
The gnoll bouda gazes fiercely through you!
You feel your attacks grow feeble.
The gnoll shouts!
You hear a shout! x2
The gnoll bouda closely misses you.
You hit the gnoll bouda.
The gnoll bouda is lightly wounded.
Your attacks no longer feel as feeble.
The scorpion stings you.
Casting: Stone Arrow (dangerous; 3% risk of failure)
Confirm with . or Enter, or press ? or * to list all spells.
Aiming: Stone Arrow (dangerous; 3% risk of failure)
Press: ? - help, Shift-Dir - straight line, f - scorpion
Aim: a scorpion (71% to hit)
The stone arrow hits the scorpion!
The scorpion is heavily wounded.
The scorpion barely misses you.
The gnoll hits you from afar with a +0 spear.
A gnoll comes into view. It is wielding a +0 spear.
A gnoll comes into view.
It is wielding a +2 flail of protection.
The gnoll bouda barks out a call to the hunt!
The gnolls pick up the pace!
Casting: Stone Arrow (dangerous; 3% risk of failure)
Confirm with . or Enter, or press ? or * to list all spells.
Aiming: Stone Arrow (dangerous; 3% risk of failure)
Press: ? - help, Shift-Dir - straight line, f/p - scorpion
Aim: a scorpion (heavily wounded, 71% to hit)
The stone arrow misses the scorpion.
The scorpion stings you.
* * * LOW HITPOINT WARNING * * *
The gnoll hits you from afar with a +0 spear.
* * * LOW HITPOINT WARNING * * *
The gnoll bouda misses you. The scorpion attacks as you move away!
The scorpion barely misses you.
A gnoll opens the door.
The scorpion stings you but does no damage.
The gnoll bouda hits you with a +0 club!
* * * LOW HITPOINT WARNING * * *
The gnoll bouda attacks as you move away!
The gnoll bouda closely misses you. The scorpion attacks as you move away!
The scorpion stings you.
* * * LOW HITPOINT WARNING * * *
The scorpion attacks as you move away! The scorpion stings you.
You die...

..#..#......#
##'###[...### .....#....#
.#........# ##....#'####
......+.)..#########
##....###..........## .
#....###.........g.#'#....
#....#.........@s.g.g.#
######..........g.....#
#...............##
#.............###
#.............#
#...............
#...############. ####


You could see a gnoll bouda, a scorpion and 3 gnolls.

Vanquished Creatures
  Sigmund (D:4)
  An orc wizard (D:3)
  Robin (D:2)
  4 gnolls (D:2)
  4 adders
  3 worms (D:2)
  3 dart slugs
  5 orcs
  2 ball pythons
  6 endoplasms
  3 giant cockroaches
  14 goblins
  6 hobgoblins
  3 jackals (D:2)
  5 kobolds
  4 quokkas
  5 bats
  A frilled lizard (D:1)
  4 rats
75 creatures vanquished.

Notes
Turn   | Place    | Note
-------+----------+-------------------------------------------
     0 | D:1      | RascalDebosk the Djinni Earth Elementalist began the quest
                  | for the Orb.
     0 | D:1      | RascalDebosk set off with the following spells memorised:
                  | Sandblast, Passwall, Stone Arrow, Petrify.
     0 | D:1      | Reached XP level 1. HP: 15/15 MP: 0/0
    53 | D:1      | Reached XP level 2. HP: 18/21 MP: 0/0
   202 | D:1      | Reached skill level 3 in Spellcasting
   403 | D:1      | Reached XP level 3. HP: 24/25 MP: 0/0
   403 | D:1      | Learned a level 1 spell: Slow
   719 | D:2      | Reached XP level 4. HP: 24/31 MP: 0/0
   909 | D:2      | Reached skill level 4 in Spellcasting
   948 | D:2      | Noticed Robin
  1030 | D:2      | Killed Robin
  1031 | D:2      | Reached XP level 5. HP: 27/35 MP: 0/0
  1031 | D:2      | Learned a level 2 spell: Momentum Strike
  1542 | D:2      | Found a stormy altar of Qazlal.
  1791 | D:3      | Found Pavees's Weapon Boutique.
  1933 | D:3      | Reached XP level 6. HP: 20/40 MP: 0/0
  2207 | D:3      | Found a glowing drain.
  2209 | D:3      | You are sucked into a shaft and drop 1 floor!
  2229 | D:4      | Found a basalt altar of Yredelemnul.
  2266 | D:4      | Noticed Sigmund
  2276 | D:4      | Killed Sigmund
  2277 | D:4      | Reached skill level 5 in Spellcasting
  2376 | D:4      | HP: 1/40 [scorpion (4)]
  2377 | D:4      | Slain by a scorpion

Illustrated notes

Levels and vault maps discovered:
D:1:      roderic_dead_forest, layout_loops_ring, minmay_tripent
D:2:      layout_loops_cross, basic_altar, minmay_misc_feat_plants,
          nicolae_wormholes, uniq_robin
D:3:      layout_loops_cross, cheibrodos_sewer_entry_bend, serial_shops,
          shop_statue
D:4:      layout_basic, minmay_overflow_temple_star_hex,
          mainiacjoe_overflow_24_doors, lightli_ossuary_entry_decrepit_ruins,
          kennysheep_generic_room_2, uniq_sigmund

Skill      XL: |  1  2  3  4  5  6 |
---------------+-------------------+-----
Spellcasting   | 3 4 5 |  5.6
Dodging        | |  2.1
Stealth        | |  1.5

Action                   |  1- 3 |  4- 6 || total
-------------------------+-------+-------++-------
Melee: Dagger            |     3 |     2 ||     5
 Cast: Sandblast         |    39 |    33 ||    72
       Slow              |       |     9 ||     9
       Stone Arrow       |       |    38 ||    38
       Petrify           |       |     2 ||     2
 Stab: Sleeping          |       |     1 ||     1
Armor: Robe              |     5 |     4 ||     9
Dodge: Dodged            |    13 |    18 ||    31

Table legend: (Time is in decaauts)
 A = Elapsed time spent in this place.
 B = Non-inter-level travel time spent in this place.
 C = Inter-level travel time spent in this place.
 D = Time resting spent in this place.
 E = Time spent auto-exploring this place.
 F = Levels seen in this place.
 G = Mean time per level.
                   A        B        C        D        E       F      G
               +--------+--------+--------+--------+--------+-----+--------+
         Total |   2412 |   2319 |     93 |    310 |   1224 |   4 |  603.0 |
       Dungeon |   2412 |   2319 |     93 |    310 |   1224 |   4 |  603.0 |
               +--------+--------+--------+--------+--------+-----+--------+

Top non-repeatable levels by time:
     D:2: 1076 daAuts
     D:1: 747 daAuts
     D:3: 420 daAuts
     D:4: 167 daAuts
